 Dungeon Crawl Stone Soup version 0.28.0 (webtiles) character file.

Game seed: 3350589181101917445

2967 coolio the Digger (level 9, 6/74 HPs)
             Began as an Ogre Earth Elementalist on Feb 10, 2022.
             Was a Follower of Sif Muna.
             Quit the game on level 7 of the Dungeon.
             The game lasted 00:12:48 (9716 turns).

coolio the Digger (Ogre Earth Elementalist)         Turns: 9716, Time: 00:12:49

Health: 6/74       AC:  3    Str: 14    XL:     9   Next: 82%
Magic:  20/27      EV: 13    Int: 20    God:    Sif Muna [*.....]
Gold:   235        SH:  0    Dex:  9    Spells: 14/20 levels left

rFire   . . .      SeeInvis .   l - +1 quarterstaff (spect)
rCold   . . .      Faith    .   (shield currently unavailable)
rNeg    . . .      Spirit   .   b - +0 robe
rPois   .          Reflect  .   (helmet restricted)
rElec   .          Harm     .   (no cloak)
rCorr   .          Rampage  .   (gloves unavailable)
Will    .....                   (boots unavailable)
Stlth   +.........              (no amulet)
HPRegen 0.22/turn               h - +4 ring of evasion
MPRegen 0.20/turn               j - ring of magical power

@: lethally poisoned (6 -> -4), attractive
A: large, unfitting armour, tough skin 1
a: Renounce Religion, Channel Magic


You were on level 7 of the Dungeon.
You worshipped Sif Muna.
Sif Muna was aware of your devotion.
You visited 2 branches of the dungeon, and saw 9 of its levels.

You collected 439 gold pieces.
You spent 204 gold pieces at shops.

Inventory:

Hand Weapons
 i - a +0 mace
 l - a +1 spectral quarterstaff (weapon)
 n - a +0 giant spiked club
Missiles
 c - 161 stones
 o - 2 large rocks
Armour
 b - a +0 robe (worn)
Jewellery
 e - a ring of willpower
 f - a ring of wizardry
 h - a +4 ring of evasion (left hand)
 j - a ring of magical power (right hand)
Wands
 r - a wand of iceblast (9)
Scrolls
 a - a scroll of amnesia {unknown}
 d - 2 scrolls of fear
 g - a scroll of identify
 k - a scroll of teleportation {unknown}
 q - 2 scrolls of holy word {unknown}
Potions
 m - a potion of cancellation
 p - a potion of resistance
 s - a potion of attraction


   Skills:
 * Level 6.3 Maces & Flails
 - Level 1.7 Dodging
 - Level 1.4 Stealth
 + Level 6.0 Spellcasting
 * Level 6.4 Transmutations
 * Level 7.1 Earth Magic


You had 14 spell levels left.
You knew the following spells:

 Your Spells              Type           Power      Damage    Failure   Level
a - Sandblast             Erth           68%        2d15      1%          1
b - Stone Arrow           Conj/Erth      40%        3d9       7%          3
c - Passwall              Tmut/Erth      27%        N/A       1%          2

Your spell library contained the following spells:

 Spells                   Type           Power      Damage    Failure   Level
 Petrify                  Tmut/Erth      33%        N/A       6%          4
 Spider Form              Tmut/Pois      18%        N/A       9%          3
 Ensorcelled Hibernation  Hex/Ice        12%        N/A       16%         2
 Dazzling Flash           Conj/Hex       12%        N/A       30%         3
 Anguish                  Hex/Necr       3%         N/A       71%         4
 Iskenderun's Mystic Bla  Conj/Tloc      6%         2d4       71%         4
 Starburst                Conj/Fire      3%         6d3       100%        6


Dungeon Overview and Level Annotations

Branches:
Dungeon (8/15)             Temple (1/1) D:5
   Lair: D:8-11

Altars:
Cheibriados
Dithmenos
Elyvilon
Fedhas
Gozag
Makhleb
Nemelex Xobeh
Okawaru
Qazlal
Sif Muna
Trog
Uskayaw
Wu Jian
Xom
Yredelemnul
Zin
The Shining One

Shops:
D:1 !   D:2 *   D:3 (

Annotations:
D:8 Maurice


Innate Abilities, Weirdness & Mutations

You are too large for most types of armour.
You have tough skin. (AC +1)


Message History

Unknown command.
Unknown command.
Unknown command.
Okay, then.
Casting: Sandblast (safe; 1% risk of failure)
Confirm with . or Enter, or press ? or * to list all spells.
Aiming: Sandblast (safe; 1% risk of failure)
Press: ? - help, Shift-Dir - straight line, f - killer bee
Aim: a killer bee (63% to hit)
The blast of sand hits the killer bee!
The killer bee is heavily wounded.
You feel very sick. The killer bee stings you.
You are more poisoned.
The killer bee poisons you! The bullfrog closely misses you.
The killer bee completely misses you.
Casting: Sandblast (safe; 1% risk of failure)
Confirm with . or Enter, or press ? or * to list all spells.
Aiming: Sandblast (safe; 1% risk of failure)
Press: ? - help, Shift-Dir - straight line, f/p - killer bee
Aim: a killer bee (heavily wounded, 63% to hit)
The blast of sand hits the killer bee!
You kill the killer bee!
Sif Muna accepts your kill.
You feel very sick. The bullfrog hits you!
* * * LOW HITPOINT WARNING * * *
Unknown command.
Unknown command.
It was a potion of attraction.
You feel attractive to monsters.
You feel very sick. The bullfrog hits you.
* * * LOW HITPOINT WARNING * * *
The bullfrog closely misses you. The orc hits you with a +0 club.
* * * LOW HITPOINT WARNING * * *
The bullfrog barely misses you. The bullfrog closely misses you.
Unknown command.
Okay, then.
Are you sure you want to abandon this character and quit the game? (Confirm with "yes".)

##.....)....#..##
.................#
#.##...........#.# # .
#...#.##.##.#.....#.# ..
......#...#.#..)..#'#...
....................#
..##....#...........#
##.†##...........#
#F@oo......###...#
#.F##o##....# #... .....
#.##....# .. ..#....
.o#.....## .
#.#...#$#..#...#
...##.##.>.###..## ###
....... #...# ...#...#
##..# $#. #. .o..##
##..#


You could see 2 bullfrogs and 3 orcs.

Vanquished Creatures
  A hornet (D:8)
  A slime creature (D:7)
  Sigmund (D:6)
  A wyvern (D:8)
  A water moccasin (D:6)
  An orc warrior (D:7)
  2 sky beasts
  An ice beast (D:5)
  A black bear (D:5)
  A necrophage (D:5)
  An ogre (D:5)
  2 centaurs (D:7)
  3 bullfrogs
  6 wights
  4 killer bees (D:7)
  A howler monkey (D:7)
  2 centaur skeletons
  2 jellies
  3 hounds (D:5)
  A bullfrog skeleton (D:5)
  2 orc priests (D:4)
  3 iguanas
  5 orc wizards
  A scorpion zombie (D:5)
  A killer bee zombie (D:7)
  Robin (D:2)
  4 adders
  4 gnolls (D:5)
  2 worms
  4 dart slugs
  16 orcs
  6 ball pythons
  5 endoplasms
  4 giant cockroaches
  14 goblins
  7 hobgoblins
  3 jackals (D:3)
  3 quokkas
  6 bats
  A frilled lizard (D:3)
  2 kobolds
  8 rats
138 creatures vanquished.

Notes
Turn   | Place    | Note
-------+----------+-------------------------------------------
     0 | D:1      | coolio the Ogre Earth Elementalist began the quest for the
                  | Orb.
     0 | D:1      | Reached XP level 1. HP: 16/16 MP: 3/3
    75 | D:1      | Reached skill level 1 in Transmutations
   264 | D:1      | Found Paema's Distillery.
   501 | D:1      | Reached XP level 2. HP: 16/24 MP: 5/5
   629 | D:1      | Found a faded altar of an unknown god.
   924 | D:2      | Reached skill level 3 in Earth Magic
  1257 | D:2      | Reached XP level 3. HP: 31/31 MP: 5/7
  1368 | D:2      | Reached skill level 1 in Maces & Flails
  1424 | D:2      | Reached XP level 4. HP: 29/39 MP: 3/8
  1691 | D:2      | Learned a level 3 spell: Stone Arrow
  1694 | D:2      | Learned a level 2 spell: Passwall
  1709 | D:2      | Noticed Robin
  2216 | D:2      | Killed Robin
  2308 | D:2      | Reached XP level 5. HP: 42/45 MP: 9/9
  2662 | D:2      | Found Oshrunary's General Store.
  2837 | D:3      | Found Eraf's Antique Weapon Emporium.
  3414 | D:3      | Found a basalt altar of Yredelemnul.
  3589 | D:3      | Found a snail-covered altar of Cheibriados.
  4330 | D:4      | Reached XP level 6. HP: 53/53 MP: 8/11
  4331 | D:4      | Reached skill level 4 in Earth Magic
  4632 | D:4      | Found an opulent altar of Gozag.
  4891 | D:5      | Entered Level 5 of the Dungeon
  5046 | D:5      | Noticed a black bear
  5049 | D:5      | Killed a black bear
  5333 | D:5      | Found an ornate altar of the Wu Jian Council.
  5379 | D:5      | Reached XP level 7. HP: 19/59 MP: 12/12
  5759 | D:2      | Bought a +1 spectral quarterstaff for 204 gold pieces
  6347 | D:5      | Reached skill level 5 in Earth Magic
  6527 | D:5      | Found a staircase to the Ecumenical Temple.
  6598 | D:5      | Reached XP level 8. HP: 67/67 MP: 14/14
  6822 | Temple   | Entered the Ecumenical Temple
  6889 | Temple   | Became a worshipper of Sif Muna the Loreminder
  6943 | D:6      | Noticed Sigmund
  6951 | D:6      | Killed Sigmund
  6982 | D:6      | Found a glowing golden altar of the Shining One.
  7327 | D:6      | Found a blossoming altar of Fedhas.
  7588 | D:6      | Found a hide-covered altar of Uskayaw.
  7767 | D:7      | Reached skill level 5 in Transmutations
  7767 | D:7      | Noticed a shadow
  7838 | D:8      | Reached skill level 5 in Spellcasting
  7838 | D:8      | Reached skill level 6 in Earth Magic
  7842 | D:8      | Reached skill level 5 in Maces & Flails
  8288 | D:8      | Noticed a hornet
  8294 | D:8      | Killed a hornet
  8295 | D:8      | Reached XP level 9. HP: 40/74 MP: 16/16
  8469 | D:8      | Noticed Maurice
  9289 | D:7      | Found a glowing silver altar of Zin.
  9543 | D:7      | Reached skill level 7 in Earth Magic
  9703 | D:7      | Reached * piety under Sif Muna
  9716 | D:7      | Quit the game

Illustrated notes

Levels and vault maps discovered:
D:1:      minmay_arrival_loop, layout_basic, ebering_ecumenical_altar_mist,
          serial_curves, eino_curves_02, eino_curves_01, serial_shops,
          nicolae_shop_statue_plus, st_stairs_11, minivault_24,
          corexii_hall_statues_i
D:2:      layout_rooms, serial_shops, nicolae_shop_advertising_works
          [nicolae_subvault_shop_adworks], uniq_robin
D:3:      layout_loops_ring, mainiacjoe_overflow_alcove_4, slow_altar_2,
          serial_shops, shop
D:4:      layout_cave_pools, grunt_gozag_statues, grunt_decor_clamped,
          minmay_misc_feat_diagonals, minmay_diced_spiral
D:5:      layout_loops_ring, nzn_wu_jian_contemplation,
          minmay_temple_entry_statues
D:6:      layout_basic, nicolae_overflow_crystal_walls, amcnicky_altar_gilded,
          lemuel_tele_altar, uniq_sigmund
D:7:      cheibrodos_fzero, layout_layer_cave, nicolae_vehumet_radiance,
          nicolae_ashenzari_skybound, mainiacjoe_overflow_surrounded_room,
          general_overflow_altar, hangedman_decor_clover_reticule,
          kennysheep_generic_room_3
D:8:      layout_loops_corners, nicolae_ru_awakened_eye, grunt_decor_junction,
          minmay_misc_feat_rows, uniq_maurice, uniq_joseph
Temple:   jpeg_temple_island

Skill      XL: |  1  2  3  4  5  6  7  8  9 |
---------------+----------------------------+-----
Transmutations | 1 2 3 4 5 6 |  6.4
Earth Magic    | 3 4 5 6 7 |  7.1
Maces & Flails | 1 2 3 5 6 |  6.3
Spellcasting   | 3 4 5 6 |  6.0
Dodging        | |  1.7
Stealth        | |  1.4

Action                   |  1- 3 |  4- 6 |  7- 9 || total
-------------------------+-------+-------+-------++-------
Melee: Whip              |    66 |    50 |       ||   116
       Punch             |     1 |     2 |       ||     3
       Mace              |       |   173 |    12 ||   185
       Quarterstaff      |       |       |    38 ||    38
 Cast: Sandblast         |    16 |    48 |   104 ||   168
       Stone Arrow       |       |       |     7 ||     7
       Passwall          |       |       |     1 ||     1
  Use: Scroll            |       |       |     6 ||     6
       Potion            |       |       |     3 ||     3
 Stab: Sleeping          |     1 |       |     1 ||     2
Armor: Robe              |    39 |    98 |    30 ||   167
Dodge: Dodged            |    43 |   136 |    75 ||   254
